 Dungeon Crawl Stone Soup version 0.24.0-2-g5b39cebb1c (webtiles) character file.

Game seed: 544589082122878799, levelgen mode: deterministic

197 Mrkan the Poker (level 5, 0/41 HPs)
             Began as a Merfolk Gladiator on Oct 29, 2019.
             Slain by a scorpion (3 damage)
             ... on level 3 of the Dungeon.
             The game lasted 00:03:28 (2141 turns).

Mrkan the Poker (Merfolk Gladiator)                 Turns: 2141, Time: 00:03:28

Health: 0/41       AC:  5    Str: 15    XL:     5   Next: 75%
Magic:  5/5        EV: 20    Int:  8    God:
Gold:   101        SH:  0    Dex: 20    Spells: 4/4 levels left

rFire    . . .     SeeInvis .   a - +0 trident
rCold    . . .     Gourm    .   (no shield)
rNeg     . . .     Faith    .   b - +0 leather armour
rPois    .         Spirit   .   c - +0 helmet
rElec    .         Reflect  .   (no cloak)
rCorr    .         Harm     .   q - +0 pair of gloves
MR       .....                  (no boots)
Stlth    +++.......             (no amulet)
HPRegen  0.13/turn              (no ring)
MPRegen  0.09/turn              (no ring)

@: agile, lethally poisoned (0 -> -21)
A: change form in water, swift swim, stealthy swim
a: no special abilities


You were on level 3 of the Dungeon.
You were not hungry.

You visited 1 branch of the dungeon, and saw 5 of its levels.

You collected 101 gold pieces.

Inventory:

Hand Weapons
 a - a +0 trident (weapon)
Missiles
 d - 3 throwing nets (quivered)
Armour
 b - a +0 leather armour (worn)
 c - a +0 helmet (worn)
 p - a +0 helmet
 q - a +0 pair of gloves (worn)
Jewellery
 m - an uncursed ring of magical power {unknown}
 u - an uncursed ring of magical power {unknown}
Scrolls
 i - a scroll of teleportation {unknown}
 j - a scroll of blinking {unknown}
 l - 2 scrolls of identify {unknown}
 n - a scroll of enchant weapon {unknown}
 r - 2 scrolls of magic mapping {unknown}
 t - a scroll of noise {unknown}
Potions
 e - a potion of degeneration {unknown}
 g - a potion of ambrosia {unknown}
 h - a potion of brilliance {unknown}
 k - a potion of heal wounds {unknown}
 o - a potion of agility
Comestibles
 f - 5 rations
 s - 4 chunks of flesh


   Skills:
 + Level 3.6 Fighting
 * Level 7.2 Polearms
 - Level 2.0 Throwing
 + Level 5.3 Dodging


You had 4 spell levels left.
You didn't know any spells.
Your spell library was empty.

Dungeon Overview and Level Annotations

Branches:
Dungeon (5/15)
 Temple: D:4-7

Altars:


Message History

You hit the scorpion but do no damage.
The scorpion is moderately wounded.
You feel sick. The scorpion stings you!
* * * LOW HITPOINT WARNING * * *
You are more poisoned.
The scorpion poisons you!
You hit the scorpion.
The scorpion is severely wounded.
* * * LOW HITPOINT WARNING * * *
You feel sick.
The scorpion stings you but does no damage.
You hit the scorpion.
The scorpion is almost dead.
* * * LOW HITPOINT WARNING * * *
You feel sick. The scorpion barely misses you.
It was a potion of agility.
You feel agile all of a sudden.
* * * LOW HITPOINT WARNING * * *
You feel sick. The scorpion stings you.
You die...

########
###..)@sg#####
.......####.#...
...##..# #.#.#### .
......##......#..
###..#...s......#
..##..####.#.##.##
.........>g#...##
........รท.........
...................


You could see a scorpion and a hobgoblin.

Vanquished Creatures
  A bullfrog skeleton (D:5)
  An iguana (D:5)
  Robin (D:2)
  6 adders
  2 oozes
  A worm (D:2)
  2 dart slugs (D:1)
  3 leopard geckos
  An orc (D:3)
  2 giant cockroaches
  11 goblins
  8 hobgoblins
  4 jackals (D:2)
  5 kobolds
  6 bats
  3 frilled lizards (D:2)
  A leopard gecko skeleton (D:3)
  5 rats (D:1)
63 creatures vanquished.

Notes
Turn   | Place    | Note
-------+----------+-------------------------------------------
     0 | D:1      | Mrkan the Merfolk Gladiator began the quest for the Orb.
     0 | D:1      | Reached XP level 1. HP: 16/16 MP: 1/1
   169 | D:1      | Reached XP level 2. HP: 23/23 MP: 2/2
   278 | D:1      | Reached skill level 5 in Polearms
   892 | D:2      | Reached XP level 3. HP: 28/28 MP: 3/3
   989 | D:2      | Reached XP level 4. HP: 17/34 MP: 4/4
  1041 | D:2      | Reached skill level 6 in Polearms
  1046 | D:2      | Noticed Robin
  1060 | D:2      | Killed Robin
  1970 | D:3      | Reached skill level 5 in Dodging
  1998 | D:3      | You fall into a shaft and drop 2 floors!
  1998 | D:5      | Entered Level 5 of the Dungeon
  2008 | D:5      | Reached XP level 5. HP: 31/41 MP: 5/5
  2054 | D:3      | Reached skill level 7 in Polearms
  2141 | D:3      | Slain by a scorpion

Levels and vault maps discovered:
D:1:      dpeg_arrival_erosion, layout_loops_ring, serial_co_window_serial,
          co_window_of_opportunity_a, co_window_cross_1, co_window_corner_a,
          co_window_paths_a, co_window_corner_a, co_window_corner_b,
          co_window_broadway_a, co_window_of_opportunity_b, co_window_4corner_b,
          glass_columns_b, glass_columns_b, glass_columns_b, glass_columns_a
D:2:      wad_crossroads, layout_basic, nicolae_overflow_hidden_temple,
          first_ration, serial_park_tiny_2, uniq_robin, uniq_jessica
D:3:      layout_loops_cross, minivault_19, wad_floor_pattern_1
D:4:      layout_loops_ring, minmay_vboxes
D:5:      layout_basic

Skill      XL: |  1  2  3  4  5 |
---------------+----------------+-----
Polearms       | 5 6 7 |  7.2
Fighting       | 3 |  3.6
Dodging        | 5 |  5.3
Throwing       | |  2.0

Action                   |  1- 3 |  4- 6 || total
-------------------------+-------+-------++-------
Melee: Trident           |    76 |   151 ||   227
  Use: Potion            |       |     1 ||     1
 Stab: Sleeping          |     3 |     1 ||     4
  Eat: Chunk             |       |     4 ||     4
Armor: Leather armour    |    29 |    30 ||    59
Dodge: Dodged            |    65 |   108 ||   173
